 Dungeon Crawl Stone Soup version 0.25-a0-733-gf7d8cd8a05 (webtiles) character file.

Game seed: 8508598300377903678, levelgen mode: deterministic

141989 tilp the Cruncher (level 17, -4/133 HPs)
             Began as a Gnoll Wanderer on Apr 9, 2020.
             Was the Champion of Cheibriados.
             Slain by a spriggan berserker
             ... wielding a +0 rapier of speed
              (24 damage)
             ... on level 4 of the Swamp.
             The game lasted 01:40:28 (33974 turns).

tilp the Cruncher (Gnoll Wanderer)                 Turns: 33974, Time: 01:40:28

Health: -4/133     AC: 34    Str: 29    XL:     17   Next: 34%
Magic:  41/41      EV: 14    Int: 44    God:    Cheibriados [******]
Gold:   2896       SH: 21    Dex: 33    Spells: 25/38 levels left

rFire    + . .     SeeInvis .   a - +2 war axe (elec)
rCold    . . .     Gourm    +   R - +0 tower shield
rNeg     + + .     Faith    .   f - +3 crystal plate armour "Hoevvetz" {rElec Regen+ Dex-2}
rPois    +         Spirit   .   T - +2 helmet
rElec    +         Reflect  .   Z - +2 cloak
rCorr    .         Harm     .   F - +2 pair of gloves
MR       +....                  (no boots)
Stlth    ..........             K - amulet of Wueto {Gourm rN+ Str+3}
HPRegen  0.72/turn              q - ring "Bukluc" {rF+ rN+ MP+9 Slay+3}
MPRegen  0.27/turn              Y - ring "Qanov" {rPois EV+1 Str-2 Int+7 Stlth+}

@: very slow
A: distributed training, fangs 1, thin skeletal structure 1, clever 1, strong
nose
a: Bend Time, Temporal Distortion, Slouch, Step From Time, Renounce Religion


You were on level 4 of the Swamp.
You worshipped Cheibriados.
Cheibriados was exalted by your worship.
You were very full.

You visited 5 branches of the dungeon, and saw 28 of its levels.
You also visited: Gauntlet.

You collected 3479 gold pieces.
You spent 583 gold pieces at shops.

Inventory:

Hand Weapons
 a - a +2 war axe of electrocution (weapon)
 b - a +4 scimitar of flaming
Missiles
 g - 7 silver javelins (quivered)
 w - a throwing net
 E - 10 javelins
 N - 11 curare-tipped darts
Armour
 f - the +3 crystal plate armour "Hoevvetz" (worn) {rElec Regen+ Dex-2}
   (You acquired it on level 3 of the Lair of Beasts)

   It affects your dexterity (-2).
   It insulates you from electricity.
   It increases your rate of regeneration.
 F - a +2 pair of gloves (worn)
 O - a +0 hat of see invisible
 R - a +0 tower shield (worn)
 T - a +2 helmet (worn)
 Z - a +2 cloak (worn)
Jewellery
 m - the ring "Ysuduehu" {+Fly Slay+2}
   (You found it on level 1 of the Swamp)

   [ring of flight]

   It affects your accuracy and damage with ranged weapons and melee attacks
   (+2).
   It lets you fly.
 q - the ring "Bukluc" (left hand) {rF+ rN+ MP+9 Slay+3}
   (You acquired it on level 1 of the Swamp)

   [ring of protection from fire]

   It affects your accuracy and damage with ranged weapons and melee attacks
   (+3).
   It protects you from fire.
   It protects you from negative energy.
   It affects your magic capacity (+9).
 r - an uncursed ring of protection from cold
 C - an uncursed ring of protection from fire
 D - an uncursed ring of protection from magic
 K - the amulet of Wueto (around neck) {Gourm rN+ Str+3}
   (You found it on level 12 of the Dungeon)

   [amulet of the gourmand]

   It allows you to eat raw meat even when not hungry.
   It affects your strength (+3).
   It protects you from negative energy.
 Y - the ring "Qanov" (right hand) {rPois EV+1 Str-2 Int+7 Stlth+}
   (You found it on level 3 of the Swamp)

   [ring of evasion]

   It affects your evasion (+1).
   It affects your strength (-2).
   It affects your intelligence (+7).
   It protects you from poison.
   It makes you more stealthy.
Wands
 u - a wand of paralysis (14)
 y - a wand of digging (3)
 J - a wand of polymorph (17)
 L - a wand of iceblast (17)
 P - a wand of flame (6)
 S - a wand of acid (11)
Scrolls
 h - 4 scrolls of magic mapping
 i - a scroll of blinking
 k - 3 scrolls of fog
 t - 2 scrolls of identify
 x - 11 scrolls of amnesia
 B - 3 scrolls of fear
 I - 5 scrolls of teleportation
 M - 12 scrolls of remove curse
 U - 2 scrolls of silence
 V - 7 scrolls of enchant weapon
 X - a scroll of enchant armour
Potions
 d - a potion of cancellation
 e - 4 potions of stabbing
 j - 3 potions of ambrosia
 l - 2 potions of might
 n - 4 potions of flight
 o - 2 potions of invisibility
 p - 3 potions of mutation
 s - 5 potions of curing
 v - 2 potions of resistance
 A - 4 potions of heal wounds
 H - 3 potions of brilliance
Miscellaneous
 z - a box of beasts
 G - a phantom mirror
 W - 2 tins of tremorstones
Comestibles
 c - 29 rations


   Skills:
 + Level 12.0 Fighting
 + Level 11.3 Short Blades
 + Level 11.3 Long Blades
 + Level 11.3 Axes
 + Level 11.3 Maces & Flails
 + Level 11.3 Polearms
 + Level 12.8 Staves
 + Level 11.3 Slings
 + Level 11.3 Bows
 + Level 11.5 Crossbows
 + Level 11.3 Throwing
 + Level 11.5 Armour
 + Level 11.3 Dodging
 + Level 11.5 Stealth
 + Level 11.3 Shields
 + Level 11.3 Unarmed Combat
 + Level 11.3 Spellcasting
 + Level 9.6 Conjurations
 + Level 9.6 Hexes
 + Level 9.6 Charms
 + Level 9.6 Summonings
 + Level 9.6 Necromancy
 + Level 9.6 Translocations
 + Level 9.6 Transmutations
 + Level 9.6 Fire Magic
 + Level 9.6 Ice Magic
 + Level 9.6 Air Magic
 + Level 9.6 Earth Magic
 + Level 9.6 Poison Magic
 + Level 12.2 Invocations
 + Level 12.0 Evocations


You had 25 spell levels left.
You knew the following spells:

 Your Spells              Type           Power        Failure   Level  Hunger
a - Tukima's Dance        Hex            #######.     10%         3    None
b - Ensorcelled Hibernat  Hex/Ice        ######       4%          2    None
c - Corona                Hex            #######      3%          1    None
d - Blink                 Tloc           N/A          4%          2    None
e - Lesser Beckoning      Tloc           #######...   10%         3    None
f - Shroud of Golubria    Chrm/Tloc      ######       4%          2    None

Your spell library contained the following spells:

 Spells                   Type           Power        Failure   Level  Hunger
 Animate Skeleton         Necr           N/A          3%          1    None
 Freeze                   Ice            ####         3%          1    None
 Magic Dart               Conj           ####         3%          1    None
 Pain                     Necr           ####         3%          1    None
 Passwall                 Tmut/Erth      #######.     4%          2    None
 Searing Ray              Conj           ######       4%          2    None
 Swiftness                Chrm/Air       #######.     4%          2    None
 Confusing Touch          Hex            #######.     10%         3    None
 Dazzling Flash           Conj/Hex       ######       10%         3    None
 Frozen Ramparts          Ice            ######       10%         3    None
 Gell's Gravitas          Tloc           #######...   10%         3    None
 Ozocubu's Armour         Chrm/Ice       #######.     10%         3    None
 Teleport Other           Tloc           #######.     10%         3    None
 Vampiric Draining        Necr           #######...   10%         3    None
 Animate Dead             Necr           N/A          32%         4    None
 Fulminant Prism          Conj/Hex       #######...   32%         4    None
 Hailstorm                Conj/Ice       #######.     32%         4    None
 Iskenderun's Mystic Bla  Conj/Tloc      #######.     32%         4    None
 Passage of Golubria      Tloc           N/A          32%         4    None
 Petrify                  Tmut/Erth      #######.     32%         4    None
 Summon Ice Beast         Ice/Summ       #######.     32%         4    None
 Agony                    Necr           #######.     65%         5    None
 Borgnjor's Vile Clutch   Necr/Erth      #######...   65%         5    None
 Lee's Rapid Deconstruct  Erth           #######...   65%         5    None
 Metabolic Englaciation   Hex/Ice        #######...   65%         5    None
 Yara's Violent Unravell  Hex/Tmut       #######...   65%         5    None
 Darkness                 Hex            #######...   99%         6    ##.....
 Freezing Cloud           Conj/Ice/Air   #######...   99%         6    ##.....
 Invisibility             Hex            #######.     99%         6    ##.....
 Simulacrum               Ice/Necr       #######...   99%         6    ##.....


Dungeon Overview and Level Annotations

Branches:
Dungeon (15/15)            Temple (1/1) D:6            Lair (6/6) D:10
  Swamp (4/4) Lair:2        Snake (0/4) Lair:3        Slime (0/5) Lair:6
    Orc (2/2) D:12            Elf (0/3) Orc:2        Vaults (0/5) D:13
 Depths (0/5) D:15        Gauntlet (visited)

Altars:
Ashenzari
Cheibriados
Dithmenos
Elyvilon
Fedhas
Gozag
Hepliaklqana
Kikubaaqudgha
Makhleb
Nemelex Xobeh
Okawaru
Qazlal
Ru
Sif Muna
Trog
Uskayaw
Vehumet
Wu Jian
Xom
Yredelemnul
Zin
The Shining One
Beogh
Jiyva

Shops:
D:7 %   D:14 =   Orc:1 }   Orc:2 %[(!

Annotations:
D:11 3 runed translucent doors, tilp's ghost, novice GnWn
D:14 1 runed translucent door, Zetz's ghost, journeyman TrTm
D:15 2 transporters, Leomnaev's ghost, journeyman DsFi
Lair:4 2 runed translucent doors, Pafasig's ghost, journeyman TeAE
Orc:1 2 transporters


Innate Abilities, Weirdness & Mutations

Your experience applies equally to all skills.
You have very sharp teeth.
Your uncanny sense of smell can sniff out nearby items.
You have a somewhat thin skeletal structure. (Dex +2, Stealth)
Your mind is acute. (Int +2)


Message History

You block the polar bear's attack. x3
The spriggan berserker hits you but does no damage.
You closely miss the spriggan berserker.
The spriggan berserker is severely wounded.
You slash the polar bear!
Lightning courses through the polar bear!
You kill the polar bear!
The polar bear's corpse disappears in a puff of smoke!
You block the spriggan berserker's attack.
The spriggan berserker misses you.
You slash the spriggan berserker!
The spriggan berserker is severely wounded.
You block the spriggan berserker's attack.
Unknown command.
You slash the spriggan berserker! You bite the spriggan berserker.
The spriggan berserker is almost dead.
The spriggan berserker hits you with a +0 rapier of speed!!
* * * LOW HITPOINT WARNING * * *
The spriggan berserker hits you with a +0 rapier of speed!!
You die...

♣♣..≈.♣ ##.≈#
♣.^≈≈≈≈ ♣♣.≈.≈≈♣
##..# ♣♣≈..≈≈≈
♣♣......♣###≈.#
♣≈≈≈..≈≈
♣♣.≈...≈.≈....♣#∆
♣♣≈≈≈.≈≈
♣.≈..≈.≈.≈.≈.≈≈#∆
♣.≈.≈≈.
♣≈..≈≈≈...≈≈..†#∆
♣♣♣♣≈≈≈
♣♣.♣..≈..♣###≈.##
# ♣♣≈..<
♣♣...≈.♣♣ ##)i##
..# ♣♣(...≈
♣♣)≈.♣♣
##§@###.≈§.#
♣.≈≈≈≈≈ ♣ ♣♣..♣♣
##..†≈..≈#
♣.≈≈≈≈≈ ♣♣♣.§≈≈♣♣
##≈?.≈.##
♣♣.≈≈≈≈≈
≈♣.≈≈≈≈.♣ ∆
####.## ♣≈≈.≈≈≈≈
.≈≈≈≈≈≈≈♣ ∆ #
♣♣≈≈..≈≈≈
..≈≈≈.≈♣♣
♣♣≈≈≈....≈
..≈≈≈.≈♣♣
♣≈≈§...≈≈≈
≈≈≈≈.≈.≈♣♣
♣♣≈≈.≈.≈≈≈≈
≈.≈≈≈.≈.≈♣
♣♣♣♣♣[≈..≈.≈≈≈≈


You could see a spriggan berserker (berserk).

Vanquished Creatures
  Rupert (D:13)
  A thorn hunter (Swamp:4)
  Gastronok (D:12)
  Agnes (D:14)
  An emperor scorpion (Gauntlet)
  A minotaur (Gauntlet)
  A fire dragon (Lair:6)
  Snorg (D:14)
  Erolcha (D:13)
  A catoblepas (D:15)
  2 ghost crabs (Swamp:4)
  3 shambling mangroves
  28 hydras
  4 centaur warriors
  12 alligators
  5 two-headed ogres
  An ogre mage (Orc:1)
  2 spriggan berserkers (Swamp:4)
  A vampire mage (D:15)
  Sonja (D:13)
  2 skeletal warriors (D:15)
  2 wizards
  2 unseen horrors
  2 spriggan druids (Swamp:4)
  7 swamp dragons
  A golden dragon skeleton (D:15)
  6 orc knights
  A spark wasp zombie (D:15)
  2 deep elf magi
  A necromancer (D:15)
  A manticore (D:12)
  3 orc sorcerers
  7 ugly things
  4 cyclopes
  7 black mambas
  6 elephants (Lair:6)
  2 centaur zombies
  4 gargoyles
  25 spiny frogs
  A yaktaur zombie (D:15)
  4 komodo dragons
  A freezing wraith (D:14)
  5 rime drakes
  2 efreet (D:14)
  A queen bee (D:8)
  A polar bear (Lair:2)
  5 tyrant leeches
  Prince Ribbit (Lair:2)
  5 trolls
  22 hornets
  8 blink frogs
  An ettin zombie (D:15)
  11 slime creatures
  7 hippogriffs
  15 bog bodies
  11 dream sheep
  11 spriggans
  2 shadows
  6 flying skulls (Gauntlet)
  2 wyverns
  A redback (Gauntlet)
  A yak (shapeshifter) (D:13)
  46 yaks
  16 humans (D:13)
  A steam dragon (Lair:6)
  3 basilisks
  A neqoxec (Gauntlet)
  A chaos spawn (Gauntlet)
  A hungry ghost (D:15)
  28 vampire mosquitoes
  27 insubstantial wisps
  5 acid dragons
  14 swamp worms
  Edmund (D:4)
  2 wargs (Orc:1)
  2 soldier ants
  10 water moccasins
  38 orc warriors
  6 swamp drakes
  7 porcupines
  2 ice beasts
  2 black bears
  2 eyes of draining
  2 sky beasts
  2 phantoms
  3 necrophages
  14 ogres
  22 centaurs
  14 crocodiles
  3 big kobolds
  15 bullfrogs
  7 scorpions
  22 killer bees
  4 wights (D:14)
  An electric eel (Lair:2)
  3 howler monkeys
  11 crimson imps
  A quasit (D:12)
  A bullfrog zombie (D:10)
  4 centaur skeletons
  A jelly (D:13)
  13 orc priests
  A gnoll shaman (D:4)
  7 hounds
  3 bullfrog skeletons
  6 iguanas
  17 orc wizards
  8 worker ants
  A hound zombie (D:10)
  A hound skeleton (D:7)
  2 howler monkey skeletons
  8 gnolls
  A worker ant zombie (D:7)
  10 adders
  6 shadow imps
  2 oozes (D:1)
  2 adder skeletons
  2 worms
  2 dart slugs
  A leopard gecko (D:7)
  82 orcs
  8 bats
  4 giant cockroaches
  5 goblins
  6 hobgoblins
  18 jackals
  3 quokkas
  2 ball pythons
  6 frilled lizards
  A jackal skeleton (D:2)
  24 kobolds
  2 quokka zombies
  8 rats
  3 fungi (Lair:6)
  2 plants (Lair:6)
890 creatures vanquished.

Vanquished Creatures (others)
  A hornet (Swamp:1)
  A troll (D:9)
  A spriggan (Swamp:1)
  A gnoll sergeant (D:9)
  A hound (D:9)
  3 orc wizards (D:9)
  An iguana (D:9)
  3 orcs (D:9)
  2 bushes (D:10)
  10 fungi
  23 plants
  A withered plant (D:15)
48 creatures vanquished.

Grand Total: 938 creatures vanquished

Notes
Turn   | Place    | Note
-------+----------+-------------------------------------------
     0 | D:1      | tilp the Gnoll Wanderer began the quest for the Orb.
     0 | D:1      | tilp set off with the following items: a +2 quarterstaff, a
                  | potion of curing, a +0 hand crossbow, 27 bolts, a +0 robe,
                  | a ration
     0 | D:1      | Reached XP level 1. HP: 20/20 MP: 3/3
    69 | D:1      | Reached XP level 2. HP: 26/26 MP: 5/5
   614 | D:1      | Reached XP level 3. HP: 31/31 MP: 6/6
   817 | D:2      | Reached skill level 1 in Invocations
  1038 | D:2      | Reached skill level 1 in Short Blades
  1038 | D:2      | Reached skill level 1 in Long Blades
  1038 | D:2      | Reached skill level 1 in Axes
  1038 | D:2      | Reached skill level 1 in Maces & Flails
  1038 | D:2      | Reached skill level 1 in Polearms
  1038 | D:2      | Reached skill level 1 in Slings
  1038 | D:2      | Reached skill level 1 in Bows
  1038 | D:2      | Reached skill level 1 in Throwing
  1038 | D:2      | Reached skill level 1 in Dodging
  1038 | D:2      | Reached skill level 1 in Shields
  1038 | D:2      | Reached skill level 1 in Unarmed Combat
  1038 | D:2      | Reached skill level 1 in Spellcasting
  1079 | D:2      | Reached XP level 4. HP: 33/38 MP: 7/7
  1269 | D:2      | Found a sacrificial altar of Ru.
  1337 | D:2      | Reached skill level 1 in Conjurations
  1337 | D:2      | Reached skill level 1 in Hexes
  1337 | D:2      | Reached skill level 1 in Charms
  1337 | D:2      | Reached skill level 1 in Summonings
  1337 | D:2      | Reached skill level 1 in Necromancy
  1337 | D:2      | Reached skill level 1 in Translocations
  1337 | D:2      | Reached skill level 1 in Transmutations
  1337 | D:2      | Reached skill level 1 in Fire Magic
  1337 | D:2      | Reached skill level 1 in Ice Magic
  1337 | D:2      | Reached skill level 1 in Air Magic
  1337 | D:2      | Reached skill level 1 in Earth Magic
  1337 | D:2      | Reached skill level 1 in Poison Magic
  1337 | D:2      | Reached XP level 5. HP: 40/43 MP: 8/8
  1847 | D:3      | Found a shattered altar of Ashenzari.
  2015 | D:3      | Reached XP level 6. HP: 37/50 MP: 9/9
  2800 | D:3      | Reached skill level 5 in Fighting
  2800 | D:3      | Reached skill level 5 in Evocations
  3372 | D:4      | Reached XP level 7. HP: 56/56 MP: 10/10
  4029 | D:4      | Noticed Edmund
  4321 | D:5      | Entered Level 5 of the Dungeon
  5386 | D:6      | Reached XP level 8. HP: 62/63 MP: 12/12
  5671 | D:6      | Noticed a two-headed ogre
  5700 | D:6      | Killed a two-headed ogre
  5700 | D:6      | Reached XP level 9. HP: 21/69 MP: 12/14
  6228 | D:6      | Found a staircase to the Ecumenical Temple.
  6243 | Temple   | Entered the Ecumenical Temple
  7175 | D:6      | Reached skill level 5 in Crossbows
  7175 | D:6      | Reached skill level 5 in Armour
  7459 | D:7      | Reached skill level 5 in Stealth
  7561 | D:7      | Found Jedghuhot's Food Emporium.
  7630 | D:7      | Found a stormy altar of Qazlal.
  8009 | D:8      | Found a snail-covered altar of Cheibriados.
  8009 | D:8      | Found a glowing golden altar of the Shining One.
  8017 | D:8      | Became a worshipper of Cheibriados the Contemplative
  8237 | D:8      | Reached skill level 5 in Invocations
  8513 | D:8      | Noticed a queen bee
  8584 | D:8      | Reached * piety under Cheibriados
  8593 | D:8      | Reached XP level 10. HP: 22/77 MP: 17/17
  9368 | D:9      | Noticed a two-headed ogre
  9488 | D:8      | Reached skill level 5 in Short Blades
  9488 | D:8      | Reached skill level 5 in Long Blades
  9488 | D:8      | Reached skill level 5 in Axes
  9488 | D:8      | Reached skill level 5 in Maces & Flails
  9488 | D:8      | Reached skill level 5 in Polearms
  9488 | D:8      | Reached skill level 5 in Slings
  9488 | D:8      | Reached skill level 5 in Bows
  9488 | D:8      | Reached skill level 5 in Throwing
  9488 | D:8      | Reached skill level 5 in Dodging
  9488 | D:8      | Reached skill level 5 in Shields
  9488 | D:8      | Reached skill level 5 in Unarmed Combat
  9488 | D:8      | Reached skill level 5 in Spellcasting
  9735 | D:9      | Reached ** piety under Cheibriados
 10004 | D:9      | Found a shimmering altar of Xom.
 10226 | D:9      | Killed a two-headed ogre
 10748 | D:10     | Entered Level 10 of the Dungeon
 10782 | D:10     | Killed an unseen horror
 11117 | D:10     | Reached *** piety under Cheibriados
 11120 | D:10     | Reached XP level 11. HP: 84/84 MP: 19/19
 11255 | D:10     | Found a staircase to the Lair.
 12303 | D:11     | Reached skill level 5 in Conjurations
 12303 | D:11     | Reached skill level 5 in Hexes
 12303 | D:11     | Reached skill level 5 in Charms
 12303 | D:11     | Reached skill level 5 in Summonings
 12303 | D:11     | Reached skill level 5 in Necromancy
 12303 | D:11     | Reached skill level 5 in Translocations
 12303 | D:11     | Reached skill level 5 in Transmutations
 12303 | D:11     | Reached skill level 5 in Fire Magic
 12303 | D:11     | Reached skill level 5 in Ice Magic
 12303 | D:11     | Reached skill level 5 in Air Magic
 12303 | D:11     | Reached skill level 5 in Earth Magic
 12303 | D:11     | Reached skill level 5 in Poison Magic
 12511 | D:11     | Reached **** piety under Cheibriados
 12561 | D:11     | Found a runed translucent gate.
 12792 | D:11     | Found a runed translucent gate.
 12792 | D:11     | Found a runed translucent gate.
 12793 | D:11     | Noticed tilp's ghost (novice GnWn)
 13059 | D:11     | Noticed a two-headed ogre
 13075 | D:11     | Killed a two-headed ogre
 13125 | D:11     | Killed an unseen horror
 13339 | D:11     | Noticed a five-headed hydra
 13355 | D:11     | Killed a five-headed hydra
 13669 | D:11     | Learned a level 3 spell: Tukima's Dance
 13672 | D:11     | Learned a level 2 spell: Ensorcelled Hibernation
 13674 | D:11     | Learned a level 1 spell: Corona
 14162 | D:4      | Killed Edmund
 14458 | Lair:1   | Entered Level 1 of the Lair of Beasts
 14497 | Lair:1   | Reached XP level 12. HP: 93/93 MP: 20/22
 15493 | Lair:1   | Noticed a six-headed hydra
 15499 | Lair:1   | Killed a six-headed hydra
 16183 | Lair:2   | Noticed Prince Ribbit
 16577 | Lair:2   | Killed Prince Ribbit
 16954 | Lair:2   | Noticed a five-headed hydra
 17508 | Lair:2   | Found a staircase to the Swamp.
 17513 | Lair:2   | Reached ***** piety under Cheibriados
 18040 | Lair:3   | Reached skill level 10 in Staves
 18093 | Lair:3   | Found a staircase to the Snake Pit.
 19160 | Lair:3   | Identified 2 scrolls of acquirement
 19161 | Lair:3   | Identified the +3 crystal plate armour "Hoevvetz" {rElec
                  | Regen+ Dex-2} (You acquired it on level 3 of the Lair of
                  | Beasts)
 19161 | Lair:3   | Identified the ring of Vephitza {rPois rF+ MP+9 Str-3
                  | Dex+7} (You acquired it on level 3 of the Lair of Beasts)
 19317 | Lair:4   | Reached XP level 13. HP: 101/101 MP: 24/24
 19788 | Lair:4   | Found a large runed translucent door.
 19788 | Lair:4   | Found a large runed translucent door.
 19852 | Lair:4   | Noticed Pafasig's ghost (journeyman TeAE)
 20143 | Lair:4   | Learned a level 2 spell: Blink
 21182 | Lair:5   | Got a sparkling lapis lazuli ring
 21212 | Lair:5   | Identified the ring of Xotoggew {Fire +Inv Int-2 Dex+4}
                  | (You found it on level 5 of the Lair of Beasts)
 21602 | Lair:6   | Entered Level 6 of the Lair of Beasts
 22179 | Lair:6   | Found a staircase to the Slime Pits.
 22244 | Lair:6   | Found a viscous altar of Jiyva.
 22259 | Lair:6   | Reached ****** piety under Cheibriados
 22441 | Lair:6   | Reached XP level 14. HP: 94/109 MP: 26/26
 23354 | Lair:6   | Reached skill level 10 in Fighting
 23354 | Lair:6   | Reached skill level 10 in Evocations
 23829 | D:12     | Found a gate leading to a gauntlet.
 23846 | Gauntlet | Entered a Gauntlet
 23846 | Gauntlet | Found a transporter.
 23846 | Gauntlet | Found a transporter.
 23846 | Gauntlet | Found a transporter.
 23859 | Gauntlet | Found a transporter.
 23859 | Gauntlet | Found a transporter.
 23867 | Gauntlet | Found a transporter.
 23870 | Gauntlet | Found a transporter.
 23878 | Gauntlet | Found a transporter.
 23887 | Gauntlet | Noticed an entropy weaver
 23896 | Gauntlet | Found a transporter.
 23902 | Gauntlet | Found a transporter.
 23904 | Gauntlet | Found a transporter.
 23914 | Gauntlet | Found a transporter.
 24110 | Gauntlet | Gained mutation: Your magical capacity is low. (-10% MP) [a
                  | neqoxec]
 24111 | Gauntlet | Gained mutation: Your body sometimes deteriorates upon
                  | taking damage. [a neqoxec]
 24123 | Gauntlet | Lost mutation: Your body sometimes deteriorates upon taking
                  | damage. [potion of mutation]
 24123 | Gauntlet | Lost mutation: Your magical capacity is low. (-10% MP)
                  | [potion of mutation]
 24123 | Gauntlet | Gained mutation: Your mind is acute. (Int +2) [potion of
                  | mutation]
 24123 | Gauntlet | Gained mutation: You have a somewhat thin skeletal
                  | structure. (Dex +2, Stealth) [potion of mutation]
 24156 | Gauntlet | Noticed an emperor scorpion
 24156 | Gauntlet | an entropy weaver changed into an emperor scorpion
 24180 | Gauntlet | Killed an emperor scorpion
 24358 | Gauntlet | Got an ancient lapis lazuli ring
 24359 | Gauntlet | Identified the ring "Jooninu" {rN+ Dex+5 Stlth+} (You found
                  | it in a Gauntlet)
 24639 | D:12     | Found a staircase to the Orcish Mines.
 24748 | D:12     | Identified the amulet of Wueto {Gourm rN+ Str+3} (You found
                  | it on level 12 of the Dungeon)
 24954 | Orc:1    | Entered Level 1 of the Orcish Mines
 24965 | Orc:1    | Noticed Gastronok
 25119 | D:12     | Identified the +1 chain mail of Kocouch {SInv} (You found
                  | it on level 12 of the Dungeon)
 25225 | D:12     | Killed Gastronok
 25290 | Orc:1    | Reached skill level 10 in Invocations
 25480 | Orc:1    | Found a roughly hewn altar of Beogh.
 25480 | Orc:1    | Found a transporter.
 25719 | Orc:1    | Found a transporter.
 25742 | Orc:1    | Found Tuwuvvigh's Gadget Shoppe.
 25843 | Orc:2    | Entered Level 2 of the Orcish Mines
 25859 | Orc:2    | Found Ruyss's Distillery.
 25867 | Orc:2    | Bought a potion of curing for 33 gold pieces
 26282 | Orc:2    | Found a staircase to the Elven Halls.
 26363 | Orc:2    | Found Plog's Antique Armour Shoppe.
 26363 | Orc:2    | Found Tapick's Weapon Boutique.
 26365 | Orc:2    | Found Didiuh's Antique Armour Shop.
 26367 | Orc:2    | Found Moduazok's Food Emporium.
 26533 | Orc:2    | Found a roughly hewn altar of Beogh.
 26770 | Orc:2    | Bought a potion of heal wounds for 55 gold pieces
 26770 | Orc:2    | Bought a potion of resistance for 110 gold pieces
 26770 | Orc:2    | Bought a potion of might for 44 gold pieces
 26770 | Orc:2    | Bought a potion of ambrosia for 88 gold pieces
 26770 | Orc:2    | Bought a potion of heal wounds for 55 gold pieces
 26770 | Orc:2    | Bought a potion of mutation for 88 gold pieces
 26770 | Orc:2    | Bought a potion of resistance for 110 gold pieces
 26974 | D:13     | Reached XP level 15. HP: 116/117 MP: 17/28
 26987 | D:13     | Noticed Erolcha
 26989 | D:13     | Noticed Rupert
 27020 | D:13     | Noticed Sonja
 27025 | D:13     | Killed Sonja
 27088 | D:13     | Killed Rupert
 27088 | D:13     | Reached skill level 10 in Crossbows
 27088 | D:13     | Reached skill level 10 in Armour
 27092 | D:13     | Reached skill level 10 in Stealth
 27116 | D:13     | Killed Erolcha
 27195 | D:13     | Found a gate to the Vaults.
 27284 | D:13     | Found a sacrificial altar of Ru.
 27879 | D:14     | Noticed Agnes
 27890 | D:14     | Killed Agnes
 27946 | D:14     | Found Ijigheguff's Jewellery Shop.
 27971 | D:14     | Noticed Snorg
 27976 | D:14     | Killed Snorg
 28066 | D:14     | Reached skill level 10 in Short Blades
 28066 | D:14     | Reached skill level 10 in Long Blades
 28066 | D:14     | Reached skill level 10 in Axes
 28066 | D:14     | Reached skill level 10 in Maces & Flails
 28066 | D:14     | Reached skill level 10 in Polearms
 28066 | D:14     | Reached skill level 10 in Slings
 28066 | D:14     | Reached skill level 10 in Bows
 28066 | D:14     | Reached skill level 10 in Throwing
 28066 | D:14     | Reached skill level 10 in Dodging
 28066 | D:14     | Reached skill level 10 in Shields
 28066 | D:14     | Reached skill level 10 in Unarmed Combat
 28066 | D:14     | Reached skill level 10 in Spellcasting
 28070 | D:14     | Got a faintly humming chain mail
 28090 | D:14     | Identified the +1 chain mail of Beauty {*Drain rPois rF+
                  | Int+5} (You found it on level 14 of the Dungeon)
 28181 | D:14     | Identified Mipyups's Incunabulum of the Unholy Frostbite
 28469 | D:14     | Found a runed translucent door.
 28469 | D:14     | Noticed Zetz's ghost (journeyman TrTm)
 28735 | D:15     | Entered Level 15 of the Dungeon
 28841 | D:15     | Found a staircase to the Depths.
 29028 | D:15     | Found a transporter.
 29060 | D:15     | Paralysed by a hornet for 2 turns
 29183 | D:15     | Found a bloodstained altar of Trog.
 29183 | D:15     | Noticed Leomnaev's ghost (journeyman DsFi)
 29190 | D:15     | Identified the +6 battleaxe of Dissolution {vorpal, rF+ rN+
                  | Str+4}
 29192 | D:15     | Identified the +5 great mace of Analysis {drain, rElec
                  | rPois MR- Str+3 Dex+3}
 29370 | D:15     | Found a transporter.
 29690 | Swamp:1  | Entered Level 1 of the Swamp
 29707 | Swamp:1  | Reached XP level 16. HP: 90/125 MP: 30/30
 29853 | Swamp:1  | Identified the ring "Bukluc" {rF+ rN+ MP+9 Slay+3} (You
                  | acquired it on level 1 of the Swamp)
 29934 | Swamp:1  | Got a warped bone ring
 29935 | Swamp:1  | Identified the ring "Ysuduehu" {+Fly Slay+2} (You found it
                  | on level 1 of the Swamp)
 31142 | Swamp:2  | Paralysed by a hornet for 1 turns
 32486 | Swamp:3  | Got a transparent bronze ring
 32583 | Swamp:3  | Identified the ring "Qanov" {rPois EV+1 Str-2 Int+7 Stlth+}
                  | (You found it on level 3 of the Swamp)
 32590 | Swamp:3  | Learned a level 3 spell: Lesser Beckoning
 32593 | Swamp:3  | Learned a level 2 spell: Shroud of Golubria
 32619 | Swamp:4  | Entered Level 4 of the Swamp
 32619 | Swamp:4  | Noticed a thorn hunter
 33005 | Swamp:4  | Reached XP level 17. HP: 128/133 MP: 32/32
 33974 | Swamp:4  | Slain by a spriggan berserker

Levels and vault maps discovered:
D:1:      tarquinn_simple_flora_water_b, layout_basic
D:2:      layout_rooms, first_ration, nicolae_ru_path_of_blood
D:3:      layout_loops_cross, ashenzari_altar_1
D:4:      layout_cave_pods, uniq_edmund
D:5:      layout_loops_corners, nrook_uturn, grunt_decor_arrowhead
D:6:      layout_basic, minmay_temple_entry_gardened_gates
D:7:      layout_cave_pools, kennysheep_mini_moat, serial_shops, shop
D:8:      layout_rooms, chequers_temple_overflow_statue_of_worship,
          david_nohive_1
D:9:      minmay_ornate_pinched, layout_loops_ring, xom_confusion_cloud,
          serial_glass, glass_columns_a, glass_columns_b
D:10:     layout_loops_ring, minmay_lair_entry_grove, hex_medium
D:11:     layout_gridville, gammafunk_ghost_spectres
D:12:     layout_roguey, david_orc_2, gauntlet_entry_generic
D:13:     layout_loops_ring, david_vaults_3, basic_altar, uniq_sonja,
          uniq_erolcha
D:14:     layout_long_grid, minmay_misc_feat_nine_boxes, gammafunk_ghost_grave,
          serial_shops, nicolae_shop_trees, uniq_snorg, uniq_agnes
D:15:     gammafunk_depths_entry_grave, layout_small_grid,
          gammafunk_ghost_wrathful_warriors, hangedman_decor_growths
Temple:   dpeg_five_rooms_temple
Lair:1:   layout_regular_city
Lair:2:   layout_cave_pods, nicolae_swamp_entry_splash_gauntlet,
          uniq_prince_ribbit2
Lair:3:   layout_long_grid, dummy_snake_entry
Lair:4:   layout_gridlike, ebering_ghost_disaster_area, grunt_megastairs_1
Lair:5:   layout_cave_pods
Lair:6:   guppyfry_lair_end_dragon, layout_hall_layers, slime_altar_1
Swamp:1:  layout_falls_marsh, hangedman_swamp_diagram, swamp_pool3,
          infiniplex_staircase_pool
Swamp:2:  layout_basic_swamp, serial_swamp_ruin, evilmike_swamp_ruin_house_5,
          evilmike_swamp_ruin_rubble_2, evilmike_swamp_ruin_house_6
Swamp:3:  layout_falls_marsh, infiniplex_staircase_pool_2
Swamp:4:  swamp_basic_johnstein, layout_basic_swamp
Orc:1:    gammafunk_beogh_shrine, layout_caves, serial_shops,
          nicolae_shop_temple_entry_statues_fountains, uniq_gastronok
Orc:2:    st_orc_rangers, layout_diamond_mine, serial_shops,
          nicolae_shop_crystal, basic_altar, nicolae_orc_tapped_out

Skill      XL: |  1  2  3  4  5  6  7  8  9 10 11 12 13 14 15 16 17 |
---------------+----------------------------------------------------+-----
Invocations    | 1 2 3 4 5 6 7 8 9 10 11 12 | 12.2
Short Blades   | 1 2 3 4 5 6 7 8 9 10 11 | 11.3
Long Blades    | 1 2 3 4 5 6 7 8 9 10 11 | 11.3
Axes           | 1 2 3 4 5 6 7 8 9 10 11 | 11.3
Maces & Flails | 1 2 3 4 5 6 7 8 9 10 11 | 11.3
Polearms       | 1 2 3 4 5 6 7 8 9 10 11 | 11.3
Slings         | 1 2 3 4 5 6 7 8 9 10 11 | 11.3
Bows           | 1 2 3 4 5 6 7 8 9 10 11 | 11.3
Throwing       | 1 2 3 4 5 6 7 8 9 10 11 | 11.3
Dodging        | 1 2 3 4 5 6 7 8 9 10 11 | 11.3
Shields        | 1 2 3 4 5 6 7 8 9 10 11 | 11.3
Unarmed Combat | 1 2 3 4 5 6 7 8 9 10 11 | 11.3
Spellcasting   | 1 2 3 4 5 6 7 8 9 10 11 | 11.3
Conjurations   | 1 2 3 4 5 6 7 8 9 |  9.6
Hexes          | 1 2 3 4 5 6 7 8 9 |  9.6
Charms         | 1 2 3 4 5 6 7 8 9 |  9.6
Summonings     | 1 2 3 4 5 6 7 8 9 |  9.6
Necromancy     | 1 2 3 4 5 6 7 8 9 |  9.6
Translocations | 1 2 3 4 5 6 7 8 9 |  9.6
Transmutations | 1 2 3 4 5 6 7 8 9 |  9.6
Fire Magic     | 1 2 3 4 5 6 7 8 9 |  9.6
Ice Magic      | 1 2 3 4 5 6 7 8 9 |  9.6
Air Magic      | 1 2 3 4 5 6 7 8 9 |  9.6
Earth Magic    | 1 2 3 4 5 6 7 8 9 |  9.6
Poison Magic   | 1 2 3 4 5 6 7 8 9 |  9.6
Crossbows      | 3 4 5 6 7 8 9 10 11 | 11.5
Armour         | 3 4 5 6 7 8 9 10 11 | 11.5
Stealth        | 3 4 5 6 7 8 9 10 11 | 11.5
Fighting       | 5 6 7 8 9 10 11 12 | 12.0
Evocations     | 5 6 7 8 9 10 11 12 | 12.0
Staves         | 7 8 9 10 11 12 | 12.8

Action                   |  1- 3 |  4- 6 |  7- 9 | 10-12 | 13-15 | 16-18 || total
-------------------------+-------+-------+-------+-------+-------+-------++-------
Melee: Quarterstaff      |    31 |    16 |       |       |       |       ||    47
       Bite              |     1 |    15 |    63 |   194 |   302 |   127 ||   702
       Short sword       |       |    36 |       |       |       |       ||    36
       Trident           |       |   124 |   278 |   494 |    88 |       ||   984
       Spear             |       |       |   227 |       |       |       ||   227
       War axe           |       |       |    52 |   333 |  1116 |   428 ||  1929
       Dagger            |       |       |       |       |     8 |       ||     8
       Unarmed           |       |       |       |       |    24 |       ||    24
       Scimitar          |       |       |       |       |    33 |   153 ||   186
 Fire: Hand crossbow     |    38 |    46 |       |       |       |       ||    84
Throw: Dart              |       |    54 |   147 |   163 |    45 |       ||   409
       Boomerang         |       |       |       |    53 |    32 |       ||    85
       Javelin           |       |       |       |       |    22 |    32 ||    54
Invok: Slouch            |       |       |       |     2 |       |       ||     2
 Abil: Evoke Flight      |       |       |       |       |       |     3 ||     3
Evoke: Wand              |       |       |     2 |    17 |    19 |       ||    38
       Tin of tremorston |       |       |       |       |     2 |       ||     2
  Use: Scroll            |     1 |     6 |     9 |    13 |    16 |     4 ||    49
       Potion            |       |     2 |     5 |     4 |     9 |       ||    20
 Stab: Sleeping          |     1 |     2 |     1 |       |       |       ||     4
       Distracted        |       |     1 |     1 |       |       |       ||     2
       Paralysed         |       |       |    23 |     4 |     2 |       ||    29
       Petrified         |       |       |       |       |     2 |       ||     2
       Confused          |       |       |       |       |       |     1 ||     1
  Eat: Chunk             |       |     8 |    13 |    13 |    32 |     9 ||    75
       Ration            |       |       |     1 |     1 |       |       ||     2
Armor: Robe              |     4 |       |       |       |       |       ||     4
       Leather armour    |       |    42 |    12 |       |       |       ||    54
       Chain mail        |       |       |   199 |    48 |       |       ||   247
       Skin              |       |       |    69 |    35 |       |       ||   104
       Plate armour      |       |       |       |   314 |       |       ||   314
       Crystal plate arm |       |       |       |     1 |   616 |   369 ||   986
Dodge: Dodged            |    22 |    91 |   166 |   378 |   423 |   342 ||  1422
Block: Buckler           |       |    35 |   113 |   208 |       |       ||   356
       Kite shield       |       |       |       |   117 |   138 |       ||   255
       Tower shield      |       |       |       |       |  1457 |   831 ||  2288
       Rpst.: Scimitar   |       |       |       |       |     2 |    11 ||    13

Table legend:
 A = Non-vault XP
 B = Vault XP
 C = Vault XP percentage of total XP
 D = Non-vault monster count
 E = Vault monster count
 F = Vault count percentage of total count
                 A         B        C        D         E       F
            +---------+---------+-------+---------+---------+-------
      Total |  146788 |   56054 |  27.6 |     716 |     172 |  19.4
            +---------+---------+-------+---------+---------+-------
        D:1 |      39 |       0 |   0.0 |      19 |       0 |   0.0
        D:2 |     130 |       0 |   0.0 |      26 |       0 |   0.0
        D:3 |     286 |       0 |   0.0 |      37 |       0 |   0.0
        D:4 |     368 |     158 |  30.0 |      18 |       1 |   5.3
        D:5 |     355 |       0 |   0.0 |      15 |       0 |   0.0
        D:6 |    2195 |       0 |   0.0 |      18 |       0 |   0.0
        D:7 |    1199 |       0 |   0.0 |      20 |       0 |   0.0
        D:8 |     135 |    1336 |  90.8 |      12 |      17 |  58.6
        D:9 |     672 |    1256 |  65.1 |      20 |       5 |  20.0
       D:10 |    1884 |    1857 |  49.6 |      20 |      12 |  37.5
       D:11 |    5827 |       0 |   0.0 |      34 |       0 |   0.0
       D:12 |    3491 |    2213 |  38.8 |      28 |       7 |  20.0
       D:13 |    8518 |   10103 |  54.3 |      48 |      22 |  31.4
       D:14 |    9208 |    3119 |  25.3 |      37 |       2 |   5.1
       D:15 |    7825 |    4835 |  38.2 |      15 |       8 |  34.8
     Lair:1 |    5598 |       0 |   0.0 |      21 |       0 |   0.0
     Lair:2 |    2661 |    2107 |  44.2 |      14 |      10 |  41.7
     Lair:3 |    3651 |       0 |   0.0 |      18 |       0 |   0.0
     Lair:4 |    4005 |     397 |   9.0 |      16 |       1 |   5.9
     Lair:5 |    7088 |       0 |   0.0 |      20 |       0 |   0.0
     Lair:6 |   11866 |    4811 |  28.8 |      37 |      16 |  30.2
    Swamp:1 |   23980 |       0 |   0.0 |      66 |       0 |   0.0
    Swamp:2 |   13712 |       0 |   0.0 |      34 |       0 |   0.0
    Swamp:3 |   12222 |    1716 |  12.3 |      38 |       2 |   5.0
    Swamp:4 |   13087 |   11618 |  47.0 |      26 |      20 |  43.5
      Orc:1 |    6413 |       0 |   0.0 |      44 |       0 |   0.0
      Orc:2 |     373 |    5769 |  93.9 |      15 |      38 |  71.7
   Gauntlet |       0 |    4759 | 100.0 |       0 |      11 | 100.0
            +---------+---------+-------+---------+---------+-------
